 Dungeon Crawl Stone Soup version 0.29.0-15-g675c0067aa (webtiles) character file.

Game seed: 12669435011102739982

397 qw the Chopper (level 6, 1/1 (38) HPs)
             Began as a Gargoyle Fighter on Sept 12, 2022.
             Tarried too long and was consumed by Zot
             ... on level 3 of the Dungeon.
             The game lasted 00:03:07 (20918 turns).

qw the Chopper (Gargoyle Fighter)                  Turns: 20918, Time: 00:03:07

HP:   1/1 (38)      AC: 19    Str: 21    XL:     6   Next: 83%
MP:   6/6           EV: 22    Int: 12    God:
Gold: 205           SH:  4    Dex:  9    Spells: 5/5 levels left

rFire   . . .      SeeInvis .   Y - +0 war axe (flame)
rCold   . . .      Faith    .   c - +0 buckler
rNeg    + . .      Spirit   .   p - +0 chain mail
rPois   inf        Reflect  .   n - +2 helmet {Int+3}
rElec   +          Harm     .   f - +0 cloak
rCorr   .          Rampage  .   t - +0 pair of gloves
Will    .....                   (no boots)
Stlth   ..........              a - amulet of the acrobat
HPRegen 0.01/turn               (no ring)
MPRegen 0.10/turn               (no ring)

@: acrobatic, extremely drained, bezotted and risking death
A: sickness immunity, AC +4, negative energy resistance 1, electricity
resistance, torment resistance 1, petrification resistance
a: no special abilities


You were on level 3 of the Dungeon.
You visited 1 branch of the dungeon, and saw 3 of its levels.

You collected 205 gold pieces.


Innate Abilities, Weirdness & Mutations

You are immune to sickness and miasma.
Your stone body is resilient. (AC +4)
You are immune to poison.
You resist negative energy. (rN+)
You are resistant to electric shocks. (rElec)
You are resistant to unholy torment.
You are immune to petrification.


   Skills:
 - Level 4.0 Fighting
 + Level 5.9 Axes
 - Level 1.0 Throwing
 - Level 3.2 Armour
 - Level 0.4 Dodging
 - Level 3.2 Shields


You had 5 spell levels left.
You didn't know any spells.
Your spell library was empty.

Inventory:

Hand Weapons
 Y - a +0 war axe of flaming (weapon)
Missiles
 i - 3 boomerangs
 m - a javelin (quivered)
Armour
 c - a +0 buckler (worn)
 f - a +0 cloak (worn)
 n - a +2 helmet of intelligence (worn)
 p - a +0 chain mail (worn)
 t - a +0 pair of gloves (worn)
Jewellery
 a - an amulet of the acrobat (around neck)
Scrolls
 h - a scroll of identify
Potions
 d - a potion of might
 g - a potion of curing {unknown}
 j - a potion of magic {unknown}
 k - a potion of haste
 l - a potion of ambrosia {unknown}
 o - a potion of lignification {unknown}
 q - a potion of heal wounds
 s - a potion of mutation {unknown}

Dungeon Overview and Level Annotations

Branches:
Dungeon (3/15) Zot: 0! You are so drained that the power of Zot will kill you!

Altars:
Ashenzari
Elyvilon
Kikubaaqudgha
Okawaru
Trog

Annotations:
D:3 1 runed translucent door, Crazy Yiuf


Message History

There is an open door here.
There is an iron altar of Okawaru here.
Press < or > to pray at altars.
Press < or > to pray at altars.
Press < or > to pray at altars.
There is an open door here.
Things that are here:
a potion of degeneration; a +0 scale mail Could not explore, unopened runed door.
Crazy Yiuf cries, "Shadow high alas!"
There is an open door here.
There is an iron altar of Okawaru here.
Press < or > to pray at altars.
Press < or > to pray at altars.
Press < or > to pray at altars.
There is an open door here.
Things that are here:
a potion of degeneration; a +0 scale mail Could not explore, unopened runed door.
There is an open door here.
There is an iron altar of Okawaru here.
Press < or > to pray at altars.
Press < or > to pray at altars.
Press < or > to pray at altars.
There is an open door here.
Zot has nearly found you.
Death is approaching.
Descend or flee this branch!
Things that are here:
a potion of degeneration; a +0 scale mail Could not explore, unopened runed door.
There is an open door here.
There is an iron altar of Okawaru here.
Press < or > to pray at altars.
Press < or > to pray at altars.
Press < or > to pray at altars.
There is an open door here.
Things that are here:
a potion of degeneration; a +0 scale mail Could not explore, unopened runed door.
Zot touches you for a single instant, and you cease to be.
You die...

..## #.......# #.# ## .##
###.##### #.# # .# #.# #.#
.# ####.#### ######.# '##
#.......# #...##.# # ..##
#.##.##.### #.#.##.# ##
...## #.........# #.#.##.#
##. ....# #....##.#.#
##......# ##.. ....#
#....####@###......####...
....# #....#
#..............'... ..<.#
7....7 ##.###.....)####...
....# 77...7 ##)# #......#
##.. ...## 77.77 #..#
#...##.# ##. ..## 77.7
#### #..###.# ### '## 7.77
#..# #.# #.. .# 77.7
#..###.# #.# .#


7!77 #......#####.# There were no monsters in sight!

Vanquished Creatures
  Grinder (D:3)
  An orc priest (D:3)
  Jessica (D:2)
  Terence (D:3)
  Robin (D:2)
  2 adders
  2 worms (D:2)
  2 dart slugs
  3 orcs (D:3)
  4 bats
  4 endoplasms
  2 giant cockroaches
  14 goblins
  6 hobgoblins
  5 jackals
  15 kobolds
  A quokka (D:1)
  4 ball pythons
  3 frilled lizards
  5 rats
77 creatures vanquished.

Notes
Turn   | Place    | Note
-------+----------+-------------------------------------------
     0 | D:1      | qw the Gargoyle Fighter began the quest for the Orb.
     0 | D:1      | Reached XP level 1. HP: 14/14 MP: 1/1
     0 | D:1      | 0 ||| qw: Version: 0.1-a-119-g272c26d
     0 | D:1      | 0 ||| qw: Game counter: 10934
     0 | D:1      | 0 ||| qw: Always use a shield: true
     0 | D:1      | 0 ||| qw: God list: Okawaru
     0 | D:1      | 0 ||| qw: Allow faded altars: false
     0 | D:1      | 0 ||| qw: Do Orc after D:15 true
     0 | D:1      | 0 ||| qw: Do second Lair branch before Depths: true
     0 | D:1      | 0 ||| qw: Lair rune preference: random
     0 | D:1      | 0 ||| qw: Plans: Normal, Zot, God:TSO, Crypt, Tomb, Pan,
                  | Slime, Hells, Zig, Abyss, Orb
     0 | D:1      | 0 ||| PLANNING D:1-11
    37 | D:1      | Reached skill level 2 in Axes
   317 | D:1      | 317 ||| DROPPING +0 club.
   337 | D:1      | Reached XP level 2. HP: 19/19 MP: 2/2
   420 | D:1      | 420 ||| Stepping ~*~*~tactically~*~*~ (stealth).
   849 | D:1      | Reached skill level 3 in Axes
   944 | D:1      | Reached XP level 3. HP: 21/23 MP: 3/3
  1035 | D:1      | Found a faded altar of an unknown god.
  1182 | D:1      | 1182 ||| READING scroll labelled JAECEUD MARO.
  1185 | D:1      | 1185 ||| READING scroll labelled OTYSONG HAFODO.
  1185 | D:1      | Identified a scroll of acquirement
  1185 | D:1      | 1185 ||| ACQUIRING amulet of the acrobat
  1185 | D:1      | Acquired an amulet of the acrobat
  1187 | D:1      | 1187 ||| UPGRADING to amulet of the acrobat.
  1192 | D:1      | 1192 ||| READING 2 scrolls labelled SAH OXZELUKI.
  1193 | D:1      | 1193 ||| READING scroll labelled DEDDEBAVOJ.
  1194 | D:1      | 1194 ||| DRINKING 2 viscous yellow potions.
  1335 | D:2      | 1335 ||| Stepping ~*~*~tactically~*~*~ (stealth).
  1338 | D:2      | 1338 ||| Stepping ~*~*~tactically~*~*~ (stealth).
  1343 | D:2      | 1343 ||| Stepping ~*~*~tactically~*~*~ (stealth).
  1348 | D:2      | 1348 ||| Stepping ~*~*~tactically~*~*~ (stealth).
  1362 | D:2      | Noticed Robin
  1363 | D:2      | 1363 ||| Stepping ~*~*~tactically~*~*~ (hiding).
  1364 | D:2      | 1364 ||| Stepping ~*~*~tactically~*~*~ (hiding).
  1373 | D:2      | Reached skill level 1 in Throwing
  1374 | D:2      | Killed Robin
  1575 | D:2      | Found a bloodstained altar of Trog.
  1629 | D:2      | 1629 ||| Stepping ~*~*~tactically~*~*~ (stealth).
  1630 | D:2      | 1630 ||| Stepping ~*~*~tactically~*~*~ (stealth).
  1656 | D:2      | Reached XP level 4. HP: 28/28 MP: 4/4
  1661 | D:2      | Noticed Jessica
  1676 | D:2      | 1676 ||| Stepping ~*~*~tactically~*~*~ (hiding).
  1681 | D:2      | 1681 ||| Stepping ~*~*~tactically~*~*~ (hiding).
  1686 | D:2      | Killed Jessica
  1757 | D:2      | Reached skill level 4 in Axes
  2084 | D:2      | 2084 ||| UPGRADING to +0 cloak.
  2089 | D:2      | 2089 ||| UPGRADING to +2 helmet of intelligence.
  2094 | D:2      | 2094 ||| READING scroll labelled OKIGOUBEKI.
  2154 | D:3      | Reached XP level 5. HP: 30/32 MP: 5/5
  2178 | D:3      | Found an ancient bone altar of Kikubaaqudgha.
  2531 | D:3      | Found a white marble altar of Elyvilon.
  2532 | D:3      | Found a broken altar of Ashenzari.
  2534 | D:3      | Found an iron altar of Okawaru.
  2575 | D:3      | Noticed Grinder
  2584 | D:3      | Killed Grinder
  2585 | D:3      | Reached skill level 5 in Axes
  2585 | D:3      | Reached XP level 6. HP: 26/37 MP: 6/6
  2708 | D:3      | Noticed Terence
  2712 | D:3      | Killed Terence
  2938 | D:3      | 2938 ||| READING scroll of brand weapon.
  2938 | D:3      | 2938 ||| BRANDING +0 war axe of protection.
  2939 | D:3      | 2939 ||| DROPPING +2 whip of venom.
  3290 | D:3      | Found a runed translucent door.
  3291 | D:3      | Noticed Crazy Yiuf
  3398 | D:3      | 3398 ||| UPGRADING to +0 chain mail.
  3408 | D:3      | 3408 ||| DROPPING +0 scale mail.
  3409 | D:3      | 3409 ||| UPGRADING to +0 pair of gloves.
  3414 | D:3      | 3414 ||| READING scroll labelled VITZESACLO.
  3415 | D:3      | 3415 ||| DRINKING 2 metallic dark potions.
  3416 | D:3      | 3416 ||| READING 2 scrolls of identify.
  3416 | D:3      | 3416 ||| IDENTIFYING viscous dark potion
  3417 | D:3      | 3417 ||| DROPPING potion of degeneration.
 16918 | D:3      | Glimpsed the power of Zot.
 17418 | D:3      | Glimpsed the power of Zot.
 17818 | D:3      | Glimpsed the power of Zot.
 17918 | D:3      | Touched by the power of Zot.
 17919 | D:3      | Glimpsed the power of Zot.
 18419 | D:3      | Glimpsed the power of Zot.
 18819 | D:3      | Glimpsed the power of Zot.
 18918 | D:3      | Touched by the power of Zot.
 18919 | D:3      | Glimpsed the power of Zot.
 19419 | D:3      | Glimpsed the power of Zot.
 19819 | D:3      | Glimpsed the power of Zot.
 19918 | D:3      | Touched by the power of Zot.
 19919 | D:3      | Glimpsed the power of Zot.
 20419 | D:3      | Glimpsed the power of Zot.
 20819 | D:3      | Glimpsed the power of Zot.
 20918 | D:3      | Tarried too long and was consumed by Zot

Levels and vault maps discovered:
D:1:      matt_arrival_diagonals, layout_basic,
          shapermc_ecumenical_altar_hornbeckon, chequers_serial_rivers_small_3,
          minmay_tromino_v7
D:2:      layout_loops_ring, basic_altar, uniq_jessica, uniq_robin
D:3:      layout_loops_corners, kiku_gazebo_pond_becter,
          chequers_temple_overflow_statue_of_worship, minmay_misc_feat_doors,
          kennysheep_generic_room_5, uniq_crazy_yiuf_cottage, uniq_terence,
          uniq_grinder

Skill      XL: |  1  2  3  4  5  6 |
---------------+-------------------+-----
Axes           | 2 3 4 5 |  5.9
Throwing       | 1 |  1.0
Fighting       | 4 |  4.0
Armour         | |  3.2
Dodging        | |  0.4
Shields        | |  3.2

Action                   |  1- 3 |  4- 6 || total
-------------------------+-------+-------++-------
Melee: War axe           |   128 |    94 ||   222
Throw: Javelin           |     4 |    16 ||    20
  Use: Scroll            |     4 |     4 ||     8
       Potion            |     1 |     1 ||     2
Armor: Scale mail        |    77 |    34 ||   111
Dodge: Dodged            |    73 |    33 ||   106
Block: Buckler           |    20 |    15 ||    35

Table legend:
 A = Non-vault XP
 B = Vault XP
 C = Vault XP percentage of total XP
 D = Non-vault monster count
 E = Vault monster count
 F = Vault count percentage of total count
                 A         B        C        D         E       F
            +---------+---------+-------+---------+---------+-------
      Total |     171 |     397 |  69.9 |      58 |      19 |  24.7
            +---------+---------+-------+---------+---------+-------
        D:1 |      35 |       6 |  14.6 |      20 |       4 |  16.7
        D:2 |      48 |      69 |  59.0 |      19 |      10 |  34.5
        D:3 |      88 |     322 |  78.5 |      19 |       5 |  20.8
            +---------+---------+-------+---------+---------+-------
